AoeStats
← JamesRowle

Four Lakes

508859566Analyzed
1v1 RM · 8d ago on Sep 24, 2026· 55m 7s· 2 players
Game mode
Random Map
Map size
Tiny (2 player)
Population
200
Speed
Normal
Resources
Standard
Victory
Conquest
Starting age
Dark Age
Ending age
Imperial Age
RankedLock teamsTeams togetherTeam positionsShared explorationLock speedFull tech treeHidden civsTurbo modeCheats
Victory
Defeat
🇩🇪 Danes · Germany
1271
+15
🇦🇷 Lithuanians · Argentina
1259
-15
CORP_Gato
9:03 Loom
11:45 Feudal Age
15:25 Castle Age
13:47 Double-Bit Axe
15:03 Bloodlines
15:02 Scale Barding Armor
15:42 Forging
16:44 Medium Warships
21:11 Wheelbarrow
22:05 Fervor
28:45 Imperial Age
26:27 Husbandry
27:15 Hand Cart
28:00 Iron Casting
28:19 Chain Barding Armor
30:47 Conscription
29:49 Cavalier
31:49 Plate Barding Armor
31:22 Horse Collar
33:08 Chemistry
39:10 Hill Forts
41:50 Town Watch
41:45 Light Cavalry
43:02 Fletching
43:47 Winged Hussar
50:25 Masonry
50:33 Bodkin Arrow
51:03 Ballistics
JamesRowle
8:28 Loom
10:58 Feudal Age
12:49 Wheelbarrow
15:28 Castle Age
13:56 Double-Bit Axe
15:05 Scale Mail Armor
18:48 Fervor
24:05 Bow Saw
23:36 Horse Collar
23:48 Gold Mining
26:40 Heavy Plow
30:39 Imperial Age
29:06 Gold Shaft Mining
28:23 Stone Mining
28:56 Squires
28:46 Arson
30:29 Ballistics
30:19 Masonry
30:05 Murder Holes
30:22 Fletching
31:17 Forging
32:23 Conscription
31:26 Hamask
33:08 Chain Mail Armor
38:04 Hand Cart
38:29 Elite Jomsviking
39:44 Northmen's Fury
42:11 Stone Shaft Mining
41:54 Bodkin Arrow
41:51 Elite Skirmisher
43:15 Thumb Ring
43:31 Bracer
43:32 Padded Archer Armor
47:38 Chemistry
47:34 Hoardings
47:59 Siege Engineers
48:36 Iron Casting
51:23 Plate Mail Armor
51:54 Blast Furnace
51:10 Leather Archer Armor
53:48 Elite Varangian Guard
Connection lost

Rejoining the realm…

Still unreachable

The connection could not be restored.

Session expired

The server has moved on; the page needs a fresh start.